 Dungeon Crawl Stone Soup version 0.23.2-1-ga50397a (webtiles) character file.

Game seed: 5739133462040833849

121 Kairos the Ruffian (level 5, 42/42 (46) HPs)
             Began as a Ghoul Monk on Apr 22, 2019.
             Quit the game on level 3 of the Dungeon.
             The game lasted 00:03:10 (2759 turns).

Kairos the Ruffian (Ghoul Monk)                     Turns: 2759, Time: 00:03:10

HP:   42/42 (46)    AC:  8    Str: 16    XL:     5   Next: 5%
MP:   4/4           EV:  7    Int:  5    God:
Gold: 179           SH:  0    Dex: 11    Spells: 4/4 levels left

rFire    . . .     SeeInvis .     - Unarmed
rCold    + . .     Gourm    .   (no shield)
rNeg     + + +     Faith    .   s - +0 chain mail (curse)
rPois    ∞         Spirit   .   (no helmet)
rElec    .         Reflect  .   (no cloak)
rCorr    .         Harm     .   (no gloves)
MR       .....                  (no boots)
Stlth    ..........             (no amulet)
HPRegen  0.14/turn              (no ring)
MPRegen  0.09/turn              (no ring)

@: rotting
A: rotting body, claws 1, carnivore, cold resistance 1, negative energy
resistance 3, inhibited regeneration, torment resistance, unbreathing
a: no special abilities


You were on level 3 of the Dungeon.
You were hungry.

You visited 1 branch of the dungeon, and saw 3 of its levels.

You collected 179 gold pieces.

Inventory:

Armour
 a - a +0 robe
 h - a +0 leather armour
 m - a +0 chain mail
 s - a cursed +0 chain mail (worn)
Scrolls
 c - a scroll of enchant armour {unknown}
 e - 3 scrolls of remove curse
 g - 2 scrolls of enchant weapon {unknown}
 i - a scroll of amnesia {unknown}
 j - a scroll of fog {unknown}
 k - a scroll of identify {unknown}
 o - a scroll of immolation {unknown}
Potions
 d - 3 potions of curing {unknown}
 f - a potion of haste {unknown}
 l - a potion of magic {unknown}
 n - a potion of berserk rage {unknown}
 p - a potion of might {unknown}
 q - a potion of heal wounds {unknown}
 r - a potion of lignification {unknown}
Comestibles
 b - 4 rations


   Skills:
 + Level 3.9 Fighting
 + Level 1.0 Armour
 + Level 3.2 Dodging
 + Level 2.7 Stealth
 + Level 4.7 Unarmed Combat


You had 4 spell levels left.
You didn't know any spells.
Your spell library was empty.

Dungeon Overview and Level Annotations

Branches:
Dungeon (3/15)

Altars:
Nemelex Xobeh
Qazlal
Ru


Innate Abilities, Weirdness & Mutations

Your body is rotting away.
You thrive on raw meat.
You are immune to poison.
You have sharp fingernails.
You are carnivorous and can eat meat at any time.
Your flesh is cold resistant. (rC+)
You are immune to negative energy. (rN+++)
You do not regenerate when monsters are visible.
You are immune to unholy pain and torment.
You can survive without breathing.


Message History

You closely miss the kobold. The kobold hits you but does no damage.
You closely miss the kobold. The kobold hits you but does no damage.
You claw the kobold!
You kill the kobold!
No target in view!
No target in view!
No target in view!
No target in view!
You see here a stone.
You see here 11 stones.
You see here a runed chain mail.
s - a runed chain mail You start removing your armour.
You continue taking off your +0 chain mail. x4
You finish taking off your +0 chain mail.
You start putting on your armour.
You continue putting on your runed chain mail. x5
You finish putting on your cursed +0 chain mail.
Oops, that feels deathly cold.
Are you sure you want to abandon this character and quit the game? (Confirm with "yes".)

##########
#........#
#........#
#..###...######
#.(#(@#..'....#
#..#(.#..'..###
#..(###..##.#
#........##.#
#........##.#
###########.#
.<......##.#
#########.##.#
#####.#
.#.........##.#


There were no monsters in sight!

Vanquished Creatures
  A worker ant (D:3)
  3 adders (D:3)
  2 worms
  3 dart slugs
  A leopard gecko (D:1)
  9 bats
  2 giant cockroaches (D:3)
  4 goblins
  10 hobgoblins
  4 jackals (D:3)
  7 kobolds
  2 quokkas (D:2)
  2 frilled lizards
  3 rats
53 creatures vanquished.

Vanquished Creatures (others)
  3 toadstools (D:3)
3 creatures vanquished.

Grand Total: 56 creatures vanquished

Notes
Turn   | Place    | Note
-------+----------+-------------------------------------------
     0 | D:1      | Kairos the Ghoul Monk began the quest for the Orb.
     0 | D:1      | Reached XP level 1. HP: 19/19 MP: 0/0
    45 | D:1      | Reached XP level 2. HP: 8/26 MP: 1/1
  1159 | D:1      | Reached XP level 3. HP: 29/33 MP: 2/2
  1819 | D:2      | Found a sparkling altar of Nemelex Xobeh.
  1889 | D:2      | Reached skill level 4 in Unarmed Combat
  2064 | D:2      | Found a stormy altar of Qazlal.
  2231 | D:3      | Found a sacrificial altar of Ru.
  2249 | D:3      | Reached XP level 4. HP: 27/37 MP: 3/3
  2503 | D:3      | Reached skill level 1 in Armour
  2552 | D:3      | Reached XP level 5. HP: 42/42 MP: 4/4
  2759 | D:3      | Quit the game

Skill      XL: |  1  2  3  4 |
---------------+-------------+-----
Dodging        | 3 |  3.2
Unarmed Combat | 4 |  4.7
Armour         | 1 |  1.0
Fighting       | |  3.9
Stealth        | |  2.7

Action                   |  1- 3 |  4- 6 || total
-------------------------+-------+-------++-------
Melee: Unarmed           |   144 |    57 ||   201
       Punch             |     1 |     1 ||     2
  Use: Scroll            |     1 |       ||     1
 Stab: Sleeping          |     3 |       ||     3
  Eat: Chunk             |     5 |       ||     5
Armor: Robe              |    17 |       ||    17
       Chain mail        |    28 |    33 ||    61
Dodge: Dodged            |    94 |    16 ||   110
